 Dungeon Crawl Stone Soup version 0.20-a0-850-ge5a7832 (webtiles) character file.

2809 nikopol the Thaumaturge (level 9, -8/45 HPs)
             Began as a Deep Elf Fire Elementalist on Mar 10, 2017.
             Was an Initiate of Vehumet.
             Mangled by an ogre
             ... wielding a +0 giant spiked club
              (27 damage)
             ... on level 7 of the Dungeon.
             The game lasted 00:47:32 (8498 turns).

nikopol the Thaumaturge (DEFE)                      Turns: 8498, Time: 00:47:32

Health: -8/45      AC:  3    Str:  5    XL:     9   Next: 44%
Magic:  21/23      EV: 17    Int: 24    God:    Vehumet [......]
Gold:   463        SH:  0    Dex: 15    Spells: 14/25 levels left

rFire    + . .     SeeInvis .   g - +2 dagger (drain)
rCold    x . .     Gourm    .   a - +0 robe
rNeg     + . .     Faith    .   (no shield)
rPois    .         Spirit   .   j - +0 helmet
rElec    .         Reflect  .   (no cloak)
rCorr    .         Harm     .   (no gloves)
MR       .....                  (no boots)
Stlth    ++........             (no amulet)
Regen    0.2/turn               u - ring of positive energy
MPRegen  0.2/turn               J - ring of fire

@: no status effects
A: no striking features
a: Renounce Religion


You were on level 7 of the Dungeon.
You worshipped Vehumet.
Vehumet was noncommittal.
You were hungry.

You visited 2 branches of the dungeon, and saw 8 of its levels.
You also visited: Ossuary.

You collected 463 gold pieces.

Inventory:

Hand Weapons
 g - a +2 dagger of draining (weapon)
 D - a +3 dagger
 S - a +1 dagger of venom
Armour
 a - a +0 robe (worn)
 j - a +0 helmet (worn)
Jewellery
 e - an uncursed amulet of rage
 o - an uncursed ring of fire
 t - an uncursed ring of ice
 u - a ring of positive energy (right hand)
 A - an uncursed ring of wizardry {unknown}
 J - a ring of fire (left hand)
Wands
 y - a wand of confusion (11/48)
 N - a wand of acid (8/15)
Scrolls
 d - 7 scrolls of teleportation
 f - 3 scrolls of enchant weapon {unknown}
 k - a scroll of blinking {unknown}
 n - 2 scrolls of remove curse
 x - 3 scrolls of amnesia {unknown}
 F - a scroll of enchant armour {unknown}
 G - 3 scrolls of fog {unknown}
 I - 2 scrolls of fear {unknown}
 K - a scroll of vulnerability {unknown}
 L - a scroll of recharging {unknown}
 P - a scroll of identify
 Q - a scroll of acquirement {unknown}
Potions
 h - 3 potions of lignification
 i - a potion of cancellation {unknown}
 p - 3 potions of invisibility {unknown}
 q - 2 potions of resistance {unknown}
 r - 5 potions of heal wounds
 v - 5 potions of haste {unknown}
 w - 3 potions of curing {unknown}
 z - a potion of agility {unknown}
 B - 3 potions of ambrosia
 C - 3 potions of degeneration {unknown}
 E - a potion of brilliance {unknown}
 H - a potion of flight {unknown}
 M - a potion of mutation {unknown}
 O - a potion of magic {unknown}
Books
 b - a book of Flames

   Spells                             Type                      Level
   a - Flame Tongue                   Conjuration/Fire             1
   b - Throw Flame                    Conjuration/Fire             2
   c - Conjure Flame                  Conjuration/Fire             3
   d - Inner Flame                    Hexes/Fire                   3
   e - Sticky Flame                   Conjuration/Fire             4
   f - Fireball                       Conjuration/Fire             5
Comestibles
 c - 6 bread rations
 l - 3 meat rations
 m - 4 royal jellies
 s - 7 fruits


   Skills:
 + Level 8.1 Dodging
 - Level 2.4 Stealth
 + Level 8.8 Spellcasting
 + Level 7.1 Conjurations
 + Level 8.1 Fire Magic


You had 14 spell levels left.
You knew the following spells:

 Your Spells              Type           Power        Failure   Level  Hunger
a - Flame Tongue          Conj/Fire      #####        1%          1    None
b - Throw Flame           Conj/Fire      ######       1%          2    None
c - Conjure Flame         Conj/Fire      ######..     1%          3    None
d - Fireball              Conj/Fire      ######....   10%         5    ####...


Dungeon Overview and Level Annotations

Branches:
Dungeon (7/15)             Temple (1/1) D:7

Altars:
Ashenzari
Cheibriados
Dithmenos
Elyvilon
Fedhas
Gozag
Hepliaklqana
Kikubaaqudgha
Makhleb
Nemelex Xobeh
Okawaru
Qazlal
Ru
Sif Muna
Trog
Uskayaw
Vehumet
Wu Jian
Xom
Yredelemnul
Zin
The Shining One

Shops:
D:4 %   D:5 *


Message History

Found 9 gold pieces.
Casting: Flame Tongue
Confirm with . or Enter, or press ? or * to list all spells.
Aiming: Flame Tongue
Press: ? - help, Shift-Dir - straight line, f - ogre
Aim: an ogre, wielding a giant spiked club You feel a surge of power!
The flame tongue hits the ogre.
The ogre is heavily wounded.
The ogre hits you with a giant spiked club!!
Ouch! That really hurt!
Casting: Flame Tongue
Confirm with . or Enter, or press ? or * to list all spells.
Aiming: Flame Tongue
Press: ? - help, Shift-Dir - straight line, f/p - ogre
Aim: an ogre, wielding a giant spiked club (heavily wounded)
You feel a surge of power!
The flame tongue hits the ogre.
The ogre is severely wounded.
The ogre hits you with a giant spiked club!!
Ouch! That really hurt!
You die...

#### #.. ########.####
..$.......[.#
.......@....#
########O##.# #.# ###
#.# # .. #.##.# #.
#.##.###
#######.##......##
#####........#..###....
#.#.#.......#.#.# .###


You could see an ogre.

Vanquished Creatures
  A two-headed ogre (D:4)
  Menkaure (D:6)
  The ghost of Azzok the Cudgeler, an amateur GrMo (D:4)
  A water moccasin (D:5)
  An ice beast (D:5)
  An orc warrior (D:5)
  The ghost of krabocopter the Changer, an amateur NaTm (D:3)
  An ogre (D:4)
  A centaur (D:5)
  An elf zombie (D:5)
  A bullfrog (D:6)
  An elf skeleton (D:5)
  2 scorpions
  2 crimson imps
  5 centaur zombies
  A human zombie (Ossuary)
  A jelly (D:7)
  2 orc priests (D:6)
  Ijyb (D:2)
  An iguana (D:3)
  2 human skeletons (D:5)
  4 orc wizards
  3 worker ants
  2 ogre zombies (Ossuary)
  7 mummies (Ossuary)
  11 adders
  7 gnolls
  A shadow imp (D:5)
  2 oozes
  4 adder zombies (Ossuary)
  4 worms
  2 dart slugs
  5 leopard geckos
  21 orcs
  A ball python (D:1)
  8 giant cockroaches
  9 hobgoblins
  9 jackals
  3 quokkas
  7 bats
  5 frilled lizards
  6 goblins (D:2)
  4 goblin zombies (Ossuary)
  7 hobgoblin zombies (Ossuary)
  11 kobolds
  3 kobold zombies (Ossuary)
  2 orc zombies
  A quokka skeleton (D:7)
  2 quokka zombies (Ossuary)
  8 rats
  2 rat zombies (Ossuary)
190 creatures vanquished.

Notes
Turn   | Place    | Note
-------+----------+-------------------------------------------
     0 | D:1      | nikopol the Deep Elf Fire Elementalist began the quest for the Orb.
     0 | D:1      | Reached XP level 1. HP: 10/10 MP: 6/6
   126 | D:1      | Reached XP level 2. HP: 15/15 MP: 1/8
   452 | D:1      | Learned a level 2 spell: Throw Flame
   962 | D:2      | Reached XP level 3. HP: 19/19 MP: 7/9
  1470 | D:2      | Learned a level 3 spell: Conjure Flame
  1546 | D:2      | Reached XP level 4. HP: 24/24 MP: 7/11
  1696 | D:2      | Noticed Ijyb
  1704 | D:2      | Killed Ijyb
  1817 | D:3      | Noticed krabocopter's ghost (amateur NaTm)
  1835 | D:3      | Killed krabocopter's ghost
  1835 | D:3      | Reached XP level 5. HP: 28/28 MP: 1/13
  2409 | D:3      | Reached XP level 6. HP: 32/32 MP: 6/14
  2453 | D:3      | Learned a level 5 spell: Fireball
  2731 | D:4      | Found Ydghut's Food Shop.
  2806 | D:4      | Noticed a two-headed ogre
  2829 | D:4      | Killed a two-headed ogre
  2829 | D:4      | Reached skill level 5 in Conjurations
  2829 | D:4      | Reached XP level 7. HP: 36/36 MP: 1/18
  2885 | D:4      | Reached XP level 8. HP: 41/41 MP: 3/19
  3063 | D:4      | Noticed Azzok's ghost (amateur GrMo)
  3426 | D:4      | Killed Azzok's ghost
  3934 | D:5      | Entered Level 5 of the Dungeon
  4476 | D:5      | Found a sand-covered staircase.
  4481 | Ossuary  | Entered an ossuary
  5759 | D:5      | Found a stormy altar of Qazlal.
  5759 | D:5      | Found a snail-covered altar of Cheibriados.
  5762 | D:5      | Found a bloodstained altar of Trog.
  5851 | D:5      | Found Xubeff's Serpentskin Sales.
  5860 | D:5      | Reached XP level 9. HP: 20/45 MP: 13/22
  5887 | D:5      | HP: 2/45 [poisoned by an adder]
  6312 | D:5      | Found an ancient bone altar of Kikubaaqudgha.
  7674 | D:6      | Noticed Menkaure
  7677 | D:6      | Killed Menkaure
  7951 | D:7      | Found an opulent altar of Gozag.
  7966 | D:7      | Found a staircase to the Ecumenical Temple.
  7976 | Temple   | Entered the Ecumenical Temple
  7982 | Temple   | Became a worshipper of Vehumet
  8291 | D:7      | Found a burning altar of Makhleb.
  8292 | D:7      | Found a shimmering altar of Xom.
  8498 | D:7      | Mangled by an ogre

Vault maps used:
D:1:      dpeg_arrival_rhombus, minmay_statues_item, bh_walls_and_bars
D:2:      uniq_iyjb
D:4:      serial_shops, nicolae_shop_trees, first_bread, grunt_ministairs_3
D:5:      kiku_gazebo_garden_becter, minitemple,
          nicolae_ossuary_entry_catacombs, guppyfry_shop_venom
D:6:      small_statue_intersection, uniq_menkaure
D:7:      wad_pebble_path, grunt_temple_overflow_champion_of_chaos,
          minmay_temple_entry_glass, grunt_ogre_cave, grunt_gozag_statues
Temple:   eino_temple_rhombus
Ossuary:  ossuary_boxes_badplayer

Skill      XL: |  1  2  3  4  5  6  7  8  9 |
---------------+----------------------------+-----
Dodging        | 3 4 6 7 8 |  8.1
Conjurations   | 2 3 5 6 7 |  7.1
Fire Magic     | 4 6 7 8 |  8.1
Spellcasting   | 4 6 7 8 |  8.8
Stealth        | |  2.4

Action                   |  1- 3 |  4- 6 |  7- 9 || total
-------------------------+-------+-------+-------++-------
Melee: Dagger            |       |     2 |    83 ||    85
 Cast: Flame Tongue      |    72 |    71 |   252 ||   395
       Throw Flame       |     5 |    15 |    60 ||    80
       Conjure Flame     |       |     2 |     4 ||     6
       Fireball          |       |       |     5 ||     5
Evoke: Wand              |       |       |     4 ||     4
  Use: Scroll            |       |       |    11 ||    11
  Eat: Chunk             |     2 |     4 |    17 ||    23
       Fruit             |       |       |     1 ||     1
Armor: Robe              |     3 |     3 |    21 ||    27
Dodge: Dodged            |    28 |     8 |   137 ||   173
